Cogmind - Beta 15 @@@ ROGUE MODE // 2025.08.05 @ 21:02:28 Player: Wall-e Result: Destroyed by exploding Power Conduit Performance ------------- Evolutions (6) 3000 Regions Visited (8) 1600 Robots Destroyed (178) 890 Value Destroyed (6083) 6083 Prototype IDs (12) 240 Alien Tech Used (0) 0 Bonus (969) 969 TOTAL SCORE: 12782 Bonus ------- High Alert Combat Kills 668 Follower Combat Kills 337 Friendly Fire -36 Cogmind --------- Core Integrity 0/1150 Matter 144/300 Energy 65/100 System Corruption 25% Temperature Cool (24) Movement Core (50) Location -4/Factory Parts ------- > --- POWER (2) -------- (None) > --- PROPULSION (4) --- (None) > --- UTILITY (11) ----- Experimental Optical Array Advanced Signal Interpreter > --- WEAPON (2) ------- Lance > --- INVENTORY (5) ---- Advanced Cryofiber Web Advanced Cooling System Large Storage Unit Triangulator Improved Light Armor Plating Peak State ------------ > --- POWER ------------ Light Antimatter Reactor Light Antimatter Reactor > --- PROPULSION ------- Improved Treads Improved Treads Improved Treads Wheel > --- UTILITY ---------- High-capacity Storage Unit Advanced Trap Scanner Experimental Optical Array Improved Signal Interpreter Improved Target Analyzer Improved Weapon Cycler Improved Focal Shield Improved Thermal Shield Hacking Suite Hacking Suite Experimental Field Recycling Unit > --- WEAPON ----------- Hypervelocity Coil Gun Heavy Gauss Cannon > --- INVENTORY -------- Light Antimatter Reactor Light Antimatter Reactor Advanced Cryofiber Web Advanced Cooling System Large Storage Unit High-capacity Storage Unit High-capacity Matter Pod Triangulator Kinecellerator Improved Weapon Shielding Improved Light Armor Plating Hacking Suite Hacking Suite Advanced Plasma Cannon KE Penetrator Railgun Smartbomb Launcher Improved Datajack Shock Maul [Rating: 99] Favorites ----------- Power Light Angular Momentum Engine Engine Light Angular Momentum Engine Power Core Light Nuclear Core Reactor Light Antimatter Reactor Propulsion Armored Wheel Treads Improved Treads Leg Carbon-fiber Leg Wheel Armored Wheel Utility Hacking Suite Device Improved Sensor Array Storage High-capacity Storage Unit Processor Improved Signal Interpreter Hackware Hacking Suite Protection Hardened Medium Armor Plating Weapon High-powered Shotgun Energy Gun Tesla Rifle Energy Cannon Advanced Plasma Cannon Ballistic Gun High-powered Shotgun Ballistic Cannon Antimatter Cannon Launcher Advanced EMP Blaster Impact Weapon Shock Maul Slashing Weapon Great Axe Piercing Weapon Lance Build | -11 -10 -9 -8 -8 -7 -6 -5 -4 ------- Run | Yrd Mat Mat Mat Sto Fac Fac Fac Fac Slots Evolved 12 | . . 2 2 . 2 2 2 2 Power 1 | . . . . . . . . 1 Propulsion 2 | . . 1 . . 1 . . . Utility 9 | . . 1 2 . 1 2 2 1 Weapon . | . . . . . . . . . Parts Attached 129 | 6 10 15 5 13 9 9 42 20 Power 15 | 1 . 4 1 . 1 2 4 2 Engine 9 | 1 . 3 1 . 1 1 2 . Core 1 | . . 1 . . . . . . Reactor 5 | . . . . . . 1 2 2 Propulsion 21 | 2 1 6 . 1 2 . 8 1 Treads 4 | . . . . . . . 3 1 Leg 1 | . . . . . . . 1 . Wheel 16 | 2 1 6 . 1 2 . 4 . Hover . | . . . . . . . . . Flight . | . . . . . . . . . Utility 54 | 1 3 2 3 6 3 3 22 11 Device 25 | . 1 1 . 3 3 2 10 5 Storage 5 | 1 2 . . . . . 2 . Processor 9 | . . 1 . 2 . . 4 2 Hackware 6 | . . . 1 . . 1 1 3 Protection 9 | . . . 2 1 . . 5 1 Artifact . | . . . . . . . . . Weapon 39 | 2 6 3 1 6 3 4 8 6 Energy Gun 1 | . . . . . . . 1 . Energy Cannon 1 | . . . . . . . . 1 Ballistic Gun 19 | 2 5 2 . 3 1 . 4 2 Ballistic Cannon 6 | . . . . . 1 3 1 1 Launcher 4 | . 1 . 1 1 . . . 1 Special Weapon . | . . . . . . . . . Impact Weapon 3 | . . 1 . 1 . 1 . . Slashing Weapon 4 | . . . . 1 1 . 2 . Piercing Weapon 1 | . . . . . . . . 1 Special Melee Weapon . | . . . . . . . . . Unidentified Prototypes 10 | . 1 1 1 1 . 4 . 2 Corrupted Parts 1 | . . . . 1 . . . . System Corruption 6 | . . . . 6 . . . . Parts Lost 58 | . 1 1 1 2 4 . 22 27 Power 8 | . . . 1 . 1 . 2 4 Propulsion 12 | . . . . 1 1 . 5 5 Utility 27 | . 1 . . . 1 . 13 12 Weapon 11 | . . 1 . 1 1 . 2 6 Highest Loss Streak 21 | . 1 1 1 1 3 . 8 21 To Critical Strikes 2 | . . . . . . . 2 . Average Backups 17 | . 6 17 19 19 17 18 18 17 Power 2 | . . 1 2 2 1 2 2 1 Propulsion 1 | . . 2 3 2 1 1 . . Utility 7 | . 1 7 8 9 8 7 7 10 Weapon 5 | . 3 5 5 5 5 6 7 4 Tool/Special . | . . . . . . . . . Unused Backups 31 | . 1 10 . 2 2 2 10 4 Power 9 | . . 4 . . . . 5 . Propulsion 3 | . . 3 . . . . . . Utility 9 | . 1 1 . 2 2 . 1 2 Weapon 9 | . . 2 . . . 2 4 1 Tool/Special 1 | . . . . . . . . 1 Average Slot Usage (%) 94 | . 97 95 98 99 94 99 89 91 Engine 6 | . 14 10 8 9 7 6 2 . Reactor 1 | . . . . . . . 2 8 Treads 2 | . . . . . . . 4 11 Wheel 20 | . 28 32 27 26 25 26 10 5 Device 15 | . 11 9 9 9 14 23 20 18 Storage 7 | . 14 10 9 9 7 6 5 4 Processor 7 | . . 9 9 9 7 6 7 13 Hackware 9 | . . . 9 9 7 9 14 13 Protection 4 | . . . 8 9 6 6 4 1 Ballistic Gun 10 | . 26 21 17 12 9 1 3 5 Ballistic Cannon 1 | . . . . . 3 1 1 3 Impact Weapon 1 | . . . . . . 1 2 . Slashing Weapon 2 | . . . . 3 1 7 2 . Peak Build Rating 99 | 6 12 22 31 36 41 54 83 99 Average Rating 48 | 4 9 19 28 34 38 48 70 85 On Entrance 29 | . 6 10 22 31 36 41 52 64 Naked Turns . | . . . . . . . . . Heaviest Build 90 | 10 50 52 62 65 65 68 78 90 Greatest Support 93 | 26 26 36 36 36 48 48 93 69 Greatest Overweight (x) 8 | . 2 2 1 2 2 1 7 8 Average Overweight (x) 1 | . 1 1 1 1 1 1 1 2 Largest Inventory Capacity 20 | 8 20 20 20 20 20 20 20 20 Average Capacity 19 | 5 18 19 20 20 20 20 20 19 Most Carried 20 | . 12 20 20 20 20 20 20 20 Average Carried 18 | . 6 17 19 19 18 19 19 18 Final Capacity 20 | 8 20 20 20 20 20 20 20 5 Final Carried 20 | . 12 20 20 20 20 20 20 5 Class Distribution -------------------- 47% | Mutant 42% | Hacker-Mutant 4% | Scavenger-Mutant 3% | Skirmisher Dominant Class ---------------- Mutant | -10/Materials Mutant | -9/Materials Mutant | -8/Materials Mutant | -8/Storage Mutant | -7/Factory Mutant | -6/Factory Hacker-Mutant | -5/Factory Hacker-Mutant | -4/Factory Resources | -11 -10 -9 -8 -8 -7 -6 -5 -4 ----------- Run | Yrd Mat Mat Mat Sto Fac Fac Fac Fac Matter Collected 5485 | 214 553 861 259 825 165 323 1878 407 Remotely . | . . . . . . . . . Salvage Created 7223 | . 525 1272 323 1317 252 306 2514 714 Parts 347 | . 42 79 18 57 13 8 100 30 Haulers Intercepted 14 | . 2 3 1 6 . . 1 1 Recyclers Shooed 10 | . . 3 1 1 . 1 3 1 Parts Field Recycled . | . . . . . . . . . Retrieved Matter . | . . . . . . . . . Parts Self-Destructed . | . . . . . . . . . Prevented . | . . . . . . . . . Kills | -11 -10 -9 -8 -8 -7 -6 -5 -4 ------- Run | Yrd Mat Mat Mat Sto Fac Fac Fac Fac Combat Hostiles Destroyed 110 | . 10 24 6 16 7 2 38 7 Melee 13 | . . . . 1 . 1 11 . Guns 74 | . 10 24 6 12 5 . 15 2 Cannons 12 | . . . . . 2 . 7 3 AOE 6 | . . . . 2 . . 2 2 Classes Destroyed 17 | . 7 3 . 3 1 . 3 . Worker 15 | . 2 2 . 4 . 2 5 . Builder 11 | . 3 1 2 . 1 . 2 2 Tunneler 3 | . 1 2 . . . . . . Hauler 14 | . 2 3 1 6 . . 1 1 Recycler 9 | . . 3 . 2 . 1 1 2 Mechanic 1 | . . . . 1 . . . . Operator 2 | . . 1 . 1 . . . . Watcher 12 | . 2 3 . 2 . . 5 . Swarmer 13 | . 6 7 . . . . . . Saboteur 1 | . . . . . . . 1 . Grunt 50 | . 4 10 5 12 3 . 15 1 Brawler 5 | . . . . . . . 3 2 Duelist 3 | . . . . 2 . . 1 . Protector 1 | . . . . 1 . . . . Sentry 20 | . . 7 1 2 2 2 5 1 Hunter 4 | . . . . . . . 4 . Programmer 14 | . . . . . 2 . 9 3 Best Kill Streak 9 | . 9 7 8 5 5 2 5 4 Combat Bots Only 6 | . 4 3 6 4 4 1 5 3 Max Kills in Single Turn 4 | . 1 2 1 1 1 1 4 2 Gunslinging 1 | . . 1 . . . . . . Exploded 1 | . . . . 1 . . 1 1 Melee 1 | . . . . 1 . 1 1 . Uniques/NPCs Destroyed . | . . . . . . . . . Combat | -11 -10 -9 -8 -8 -7 -6 -5 -4 -------- Run | Yrd Mat Mat Mat Sto Fac Fac Fac Fac Hostile Shots Fired 815 | . 24 58 26 48 110 36 293 220 Missed 241 | . 7 17 4 17 35 15 81 65 Hits 574 | . 17 41 22 31 75 21 212 155 Melee 19 | . . . . 2 . . 14 3 Projectile 555 | . 17 41 22 29 75 21 198 152 AOE 4 | . . . . . . . 1 3 Critical Strikes 29 | . . . 2 3 1 . 12 11 Actively Blocked 1 | . . . . . . . 1 . Part Disruptions 1 | . . . . . . . . 1 Damage Taken 10368 | . 174 493 364 582 886 186 4312 3371 Core 2337 | . 23 101 52 105 126 43 700 1187 Absorbed by Shields 148 | . . . . . . 28 120 . Redirected to Shielding 238 | . . . . . . . 238 . Ignored by Resistances 381 | . . . . . . . 67 314 Regen/Repaired (Parts) 1126 | . . 161 . 195 440 . 330 . Core Remaining (%) 77 | 100 90 74 . 71 82 94 30 . Volleys Fired 434 | . 46 81 36 60 30 3 138 40 Largest 2 | . 2 2 2 2 2 1 2 2 Hottest 131 | . 46 50 50 72 62 36 98 131 Shots Fired 795 | . 91 160 72 111 60 3 228 70 Gun 658 | . 90 160 72 106 39 . 156 35 Cannon 119 | . . . . . 21 1 66 31 Launcher 18 | . 1 . . 5 . 2 6 4 Special . | . . . . . . . . . Kinetic 771 | . 90 160 72 106 60 1 217 65 Thermal 1 | . . . . . . . . 1 Explosive 5 | . 1 . . . . . . 4 Electromagnetic 18 | . . . . 5 . 2 11 . Robot Hit Streak 18 | . 14 8 8 18 7 . 11 13 Robot Miss Streak 10 | . 4 6 10 5 5 . 4 2 Penetration Max 3 | . . . . . . . 3 2 Secondary Targets 3 | . . 1 . 1 . . 1 . Max Gunslinging Chain 1 | . . 1 . 1 . . 1 . Shots Hit Robots 599 | . 51 106 49 99 47 13 193 41 Core Hits 335 | . 29 61 22 59 35 3 94 32 Critical Kills 9 | . . . . . . . 7 2 Critical Parts Destroyed 20 | . . . . . . 2 9 9 Critical Strikes 48 | . . . . 1 . 3 28 16 Destroy 22 | . . . . . . . 11 11 Blast 5 | . . . . . . . . 5 Corrupt 1 | . . . . . . . 1 . Smash 10 | . . . . . . 2 8 . Sever 10 | . . . . 1 . 1 8 . Melee Attacks 146 | . . 1 . 37 5 17 85 1 Impact 23 | . . 1 . 2 . 5 15 . Slashing 122 | . . . . 35 5 12 70 . Piercing 1 | . . . . . . . . 1 Sneak Attacks 13 | . . . . 7 . 3 3 . Combat Hostiles . | . . . . . . . . . Follow-up Attacks 12 | . . . . . . 2 10 . Damage Inflicted 17038 | . 688 1883 836 2904 984 557 7175 2011 Guns 8418 | . 688 1883 836 1649 595 . 2287 480 Cannons 2598 | . . . . . 389 . 1508 701 Explosions 2542 | . . . . 465 . . 1279 798 Melee 3480 | . . . . 790 . 557 2101 32 Ramming . | . . . . . . . . . Kinetic 10972 | . 688 1883 836 1649 984 . 3775 1157 Thermal 556 | . . . . 109 . . 206 241 Explosive 1338 | . . . . . . . 757 581 Electromagnetic 692 | . . . . 356 . . 336 . Impact 701 | . . . . . . 167 534 . Slashing 2747 | . . . . 790 . 390 1567 . Piercing 32 | . . . . . . . . 32 Highest Corruption 25 | . . . . 6 2 . 17 25 Average Corruption 7 | . . . . 6 1 . 9 5 Corruption Purged 5 | . . . . . . . 5 . Corruption Blocked . | . . . . . . . . . Effects 145 | . . . . 33 8 . 89 15 Message Errors 36 | . . . . 6 3 . 23 4 Matter Fused 27 | . . . . 8 1 . 15 3 Heat Flow Errors 18 | . . . . 5 1 . 11 1 Energy Discharges 14 | . . . . 3 1 . 7 3 Parts Rejected 3 | . . . . 1 . . 1 1 Parts Fused 4 | . . . . 1 . . 3 . Data Loss (minor) 22 | . . . . 4 1 . 17 . Data Loss (major) 8 | . . . . 2 . . 6 . Misfires 4 | . . . . 2 . . 2 . Alerts 3 | . . . . 1 1 . 1 . Misdirections 1 | . . . . . . . . 1 Weapon Failures 5 | . . . . . . . 3 2 Overload Shots . | . . . . . . . . . Overflow Damage 901 | . . . . 156 . 176 562 7 Projectiles 50 | . . . . . . . 43 7 Explosions 216 | . . . . 23 . . 193 . Melee 635 | . . . . 133 . 176 326 . Knockbacks 28 | . . . . . 14 . 12 2 Impact . | . . . . . . . . . Kinetic 27 | . . . . . 13 . 12 2 Secondary 1 | . . . . . 1 . . . Self-Inflicted Damage 116 | . . . . . . . 104 12 Shots 4 | . . . . . . . 3 1 Rammed . | . . . . . . . . . Targets Rammed . | . . . . . . . . . Kicked . | . . . . . . . . . Crushed . | . . . . . . . . . Highest Temperature 310 | . 1 310 15 272 219 11 252 196 Average Temperature 47 | . 1 88 4 64 33 9 31 73 Received Heat Transfer 2254 | . 54 183 225 297 192 40 406 857 Siege Activations . | . . . . . . . . . Martial Activations . | . . . . . . . . . Shielding Activations . | . . . . . . . . . Robots Disrupted . | . . . . . . . . . Combat Hostiles . | . . . . . . . . . Robots Corrupted 6 | . . . . 1 . 2 3 . Combat Hostiles 5 | . . . . 1 . 1 3 . Parts Fried 9 | . . . . 2 . 3 4 . Impact Corruptions 12 | . . . . . . 3 9 . Robots Melted . | . . . . . . . . . Combat Hostiles . | . . . . . . . . . Parts Melted 2 | . . . . . . . 1 1 Heat Transferred 564 | . . . . 139 . . 150 275 Parts Sabotaged . | . . . . . . . . . Parts Stolen . | . . . . . . . . . Parts Stripped . | . . . . . . . . . Power Chain Reactions 1 | . . . . 1 . . . . Alert | -11 -10 -9 -8 -8 -7 -6 -5 -4 ------- Run | Yrd Mat Mat Mat Sto Fac Fac Fac Fac Maximum Alert Level 3 | . . 1 1 1 . . 3 2 Low Security (%) 47 | 100 100 57 59 33 100 100 28 . Level 1 20 | . . 42 40 66 . . 1 6 Level 2 18 | . . . . . . . 32 93 Level 3 13 | . . . . . . . 37 . Level 4 . | . . . . . . . . . Level 5 . | . . . . . . . . . High Security . | . . . . . . . . . Max Security . | . . . . . . . . . Peak Influence 981 | . 163 352 273 373 167 31 981 668 Initial 479 | . . 63 145 49 167 . . 479 Average 308 | . 80 190 189 235 40 3 519 468 Influence Increases 5304 | . 393 830 188 1105 224 96 1851 617 Destroy 0b10 Robot/C 2440 | . 200 480 120 560 140 40 760 140 Destroy 0b10 Robot/NC 340 | . 50 75 15 85 5 15 70 25 Destroy Leader 592 | . 38 142 22 126 50 20 172 22 Allied During Kill 104 | . . . . 104 . . . . Successful Hack 162 | . 21 38 . 31 24 18 22 8 Disable Machine 615 | . . 30 . 75 . . 315 195 Destroy Structure 616 | . 9 5 1 19 5 3 392 182 Lose Combat Pursuer 435 | . 75 60 30 105 . . 120 45 Influence Decreases 4820 | . 242 636 416 854 592 96 872 1112 Entered New Map 1057 | . . 88 200 68 201 . . 500 Time Decay 3022 | . 232 538 206 566 351 96 691 342 Lost Part 541 | . 10 10 10 20 40 . 181 270 Lost Ally 200 | . . . . 200 . . . . Squads Dispatched 30 | . 1 2 . 3 4 . 13 7 Investigation 5 | . 1 1 . 1 1 . 1 . Extermination 10 | . . . . . 2 . 6 2 Reinforcement 7 | . . 1 . . 1 . 3 2 Assault 5 | . . . . 2 . . 2 1 Garrison 3 | . . . . . . . 1 2 Intercept . | . . . . . . . . . Searches Triggered . | . . . . . . . . . Construction Impeded 3 | . . . . . . . 2 1 Haulers Reinforced 1 | . . . . . . . . 1 Active Scanning Responses . | . . . . . . . . . Cargo Convoy Interrupts . | . . . . . . . . . Stealth | -11 -10 -9 -8 -8 -7 -6 -5 -4 --------- Run | Yrd Mat Mat Mat Sto Fac Fac Fac Fac Distress Signals 11 | . 2 4 2 1 . . 2 . Communications Jammed 15 | . . . . . 1 . 14 . Distress Signals 14 | . . . . . . . 14 . Times Spotted 185 | . 14 32 14 36 10 4 56 19 Peak Tracking Total 8 | . 4 5 6 5 3 1 5 8 Tactical Retreats 22 | . 3 4 2 5 . . 7 1 Traps | -11 -10 -9 -8 -8 -7 -6 -5 -4 ------- Run | Yrd Mat Mat Mat Sto Fac Fac Fac Fac Traps Triggered 12 | . 1 . . 3 1 3 3 1 Indirectly 4 | . . . . . . 2 1 1 Trap Hack Attempts . | . . . . . . . . . Triggered . | . . . . . . . . . Disarmed 11 | . . . . 6 . . 5 . Reprogrammed 4 | . . . . 4 . . . . Reused . | . . . . . . . . . Traps Extracted . | . . . . . . . . . Installed . | . . . . . . . . . Triggered . | . . . . . . . . . Machines | -11 -10 -9 -8 -8 -7 -6 -5 -4 ---------- Run | Yrd Mat Mat Mat Sto Fac Fac Fac Fac Machines Disabled 41 | . . 2 . 5 . . 21 13 Max in Single Turn 6 | . . 1 . 1 . . 6 6 Garrison Access 2 | . . . . 1 . . . 1 Machines Repaired . | . . . . . . . . . Machines Dismantled . | . . . . . . . . . Machines Sabotaged . | . . . . . . . . . Overloaded Fab Kills . | . . . . . . . . . Hacking | -11 -10 -9 -8 -8 -7 -6 -5 -4 --------- Run | Yrd Mat Mat Mat Sto Fac Fac Fac Fac Machines Accessed 50 | . 4 10 1 15 2 4 10 4 Terminals 35 | . 4 8 1 12 . 2 7 1 Fabricators . | . . . . . . . . . Repair Stations 7 | . . 1 . 2 2 . 2 . Recycling Units 3 | . . . . . . 1 1 1 Scanalyzers 3 | . . 1 . . . 1 . 1 Garrison Access 2 | . . . . 1 . . . 1 Total Hacks 169 | . 14 40 2 52 14 8 31 8 Successful 114 | . 8 27 1 34 12 3 23 6 Failed 54 | . 6 13 1 17 2 5 8 2 Catastrophic 4 | . 1 1 . . . 1 1 . Database Lockouts 1 | . . . . 1 . . . . Manual 87 | . 14 18 2 30 . 4 16 3 Terminals 109 | . 14 21 2 45 . 4 21 2 Fabricators . | . . . . . . . . . Repair Stations 39 | . . 12 . 5 14 . 8 . Recycling Units 6 | . . . . . . 2 2 2 Scanalyzers 11 | . . 7 . . . 2 . 2 Garrison Access 4 | . . . . 2 . . . 2 Terminal Hacks 26 | . 2 3 . 16 . . 5 . Record 1 | . . . . 1 . . . . Robot Analysis 4 | . . 1 . 2 . . 1 . Prototype ID Bank 1 | . . . . . . . 1 . Open Door 3 | . . . . 3 . . . . Open DSF 1 | . . . . . . . 1 . Branch Access Points 1 | . . . . . . . 1 . Terminal Index 1 | . . . . 1 . . . . Disarm Traps 3 | . . . . 2 . . 1 . Reprogram Traps 1 | . . . . 1 . . . . Registered Components 1 | . . 1 . . . . . . Zone Layout 9 | . 2 1 . 6 . . . . Fabricator Hacks . | . . . . . . . . . Repair Station Hacks 34 | . . 10 . 4 12 . 8 . Scan Component 17 | . . 5 . 2 6 . 4 . Repair 17 | . . 5 . 2 6 . 4 . Recycling Unit Hacks 2 | . . . . . . . 1 1 Retrieve Matter 2 | . . . . . . . 1 1 Scanalyzer 8 | . . 6 . . . . . 2 Insert Component 4 | . . 3 . . . . . 1 Analyze 4 | . . 3 . . . . . 1 Garrison Access Hacks 2 | . . . . 1 . . . 1 Seal Access 2 | . . . . 1 . . . 1 Unauthorized Hacks 42 | . 6 8 1 13 . 3 9 2 Terminals 40 | . 6 8 1 13 . 3 8 1 Track 7 | . 1 2 . 3 . . 1 . Botnet 29 | . 4 6 1 9 . 2 6 1 Operators 4 | . 1 . . 1 . 1 1 . Fabricators . | . . . . . . . . . Repair Stations . | . . . . . . . . . Recycling Units 2 | . . . . . . . 1 1 Recyclers 2 | . . . . . . . 1 1 Scanalyzers . | . . . . . . . . . Garrison Access . | . . . . . . . . . Data Cores Recovered 1 | . . . . 1 . . . . Used 1 | . . . . 1 . . . . Hacking Detections 44 | . 4 10 1 11 2 4 8 4 Full Trace Events 4 | . . 1 . 1 1 . 1 . Feedback Events . | . . . . . . . . . Feedback Blocked . | . . . . . . . . . Robot Schematics Acquired . | . . . . . . . . . Robots Built . | . . . . . . . . . Authchips . | . . . . . . . . . Time . | . . . . . . . . . Total Robot Build Rating . | . . . . . . . . . Part Schematics Acquired 4 | . . 3 . . . . . 1 Parts Built . | . . . . . . . . . Authchips . | . . . . . . . . . Time . | . . . . . . . . . Total Part Build Rating . | . . . . . . . . . Parts Repaired 16 | . . 5 . 2 6 . 3 . Time 645 | . . 166 . 54 219 . 206 . Parts Recycled . | . . . . . . . . . Recycled Matter . | . . . . . . . . . Retrieved Matter . | . . . . . . . . . Retrieved Components . | . . . . . . . . . Parts Scanalyzed 4 | . . 3 . . . . . 1 Part Schematics Acquired 4 | . . 3 . . . . . 1 Parts Damaged . | . . . . . . . . . Bothacking | -11 -10 -9 -8 -8 -7 -6 -5 -4 ------------ Run | Yrd Mat Mat Mat Sto Fac Fac Fac Fac Used RIF Installer . | . . . . . . . . . Robots Hacked . | . . . . . . . . . Non-combat . | . . . . . . . . . Combat . | . . . . . . . . . Robot Hacks Applied . | . . . . . . . . . Relay Couplers Released . | . . . . . . . . . Fabnet Peak Effective % . | . . . . . . . . . Robots Rewired . | . . . . . . . . . Allies Hacked . | . . . . . . . . . Hacks Repelled . | . . . . . . . . . Allies | -11 -10 -9 -8 -8 -7 -6 -5 -4 -------- Run | Yrd Mat Mat Mat Sto Fac Fac Fac Fac Total Allies 12 | . . . . 12 . . . . Largest Group 10 | . . . . 10 . . . . Highest-Rated Group 173 | . . . . 173 . . . . Highest-Rated Ally 31 | . . . . 31 . . . . Total Orders . | . . . . . . . . . Ally Attacks 104 | . . . . 104 . . . . Total Damage 1234 | . . . . 1234 . . . . Kills 13 | . . . . 13 . . . . Allies Corrupted . | . . . . . . . . . Allies Melted . | . . . . . . . . . Intel | -11 -10 -9 -8 -8 -7 -6 -5 -4 ------- Run | Yrd Mat Mat Mat Sto Fac Fac Fac Fac Active Infowar (turns) 11125 | . 530 1347 435 2175 1122 601 4144 771 Optics 746 | . . . . . . . . 746 Sensors 8842 | . . 1347 435 2175 1122 601 3150 12 Terrain 1086 | . 530 . . . 556 . . . Traps 570 | . . . . . . . . 570 T.N.C. 1 | . . . . 1 . . . . Triangulation 1101 | . . . . . . . 965 136 Jamming 1955 | . . . . . 538 601 816 . Robot Analysis Total 3 | . . 1 . 1 . . 1 . Derelict Logs Recovered . | . . . . . . . . . Drone Launches . | . . . . . . . . . Drone Recoveries . | . . . . . . . . . Exploration | -11 -10 -9 -8 -8 -7 -6 -5 -4 ------------- Run | Yrd Mat Mat Mat Sto Fac Fac Fac Fac Turns Passed 11650 | 63 613 1529 435 2175 1122 601 4340 772 Spaces Moved 5431 | 61 403 818 127 1061 489 398 1717 357 Core 64 | 1 . . . . . . . 63 Treads 248 | . . . . . . . 103 145 Legs . | . . . . . . . . . Wheels 5119 | 60 403 818 127 1061 489 398 1614 149 Hover . | . . . . . . . . . Flight . | . . . . . . . . . Fastest Speed 50 | 50 90 95 105 105 105 105 105 50 Average Speed 113 | 89 104 99 105 105 105 105 120 168 Slowest Speed 240 | 100 110 120 105 120 120 105 185 240 Overloaded Moves . | . . . . . . . . . Propulsion Burnouts . | . . . . . . . . . Robots Hopped . | . . . . . . . . . Potential Cave-ins . | . . . . . . . . . Cave-ins Triggered . | . . . . . . . . . Exploration Rate (%) 31 | 4 56 59 10 91 12 10 29 11 Regions Visited 8 Branch Regions 1 Pre-discovered Areas . | . . . . . . . . . Known Exits Taken 6 | . . 1 1 1 1 1 1 . Unknown Exits Taken 2 | 1 1 . . . . . . . Scrap Searched . | . . . . . . . . . Spaces Dug 31 | . . . . 9 4 2 15 1 Terrain Destroyed 353 | . 7 . . 14 4 3 209 116 Melee 30 | . . . . 9 4 2 15 . Projectile 40 | . . . . . . 1 20 19 AOE 280 | . 7 . . 5 . . 172 96 Terrain Rammed . | . . . . . . . . . Walls Destroyed . | . . . . . . . . . Machines Disabled . | . . . . . . . . . Actions | -11 -10 -9 -8 -8 -7 -6 -5 -4 --------- Run | Yrd Mat Mat Mat Sto Fac Fac Fac Fac Total 9990 | 66 507 1373 356 1952 1033 555 3674 474 Wait 3570 | . 31 392 183 727 486 105 1614 32 Move 5423 | 60 402 817 126 1060 488 397 1716 357 Hop . | . . . . . . . . . Pick Up 117 | . 12 37 2 10 8 8 32 8 Fast Attach 80 | 6 4 15 3 8 4 6 26 8 Attach 45 | . . 2 2 2 6 2 17 14 Detach 7 | . . . 1 . . 1 3 2 Swap 69 | . 6 5 1 16 4 8 27 2 Drop 98 | . 6 23 2 14 2 12 29 10 Fire 434 | . 46 81 36 60 30 3 138 40 Melee 129 | . . 1 . 37 5 13 72 1 Ram . | . . . . . . . . . Kick . | . . . . . . . . . Crush . | . . . . . . . . . Escape Stasis 16 | . . . . 16 . . . . Rewire 2 | . . . . 2 . . . . Trap . | . . . . . . . . . Miscellaneous . | . . . . . . . . . Route ------- -11/Scrapyard -10/Materials (discovered 2 exits: *Mat / [*Min]) -9/Materials (discovered 2 exits: *Mat / *Min) -8/Materials -8/Storage -7/Factory -6/Factory -5/Factory (discovered 3 exits: *Fac / Upp x2) -4/Factory History --------- Turn | Location | Event 23 | -11/Scrapyard | Discovered new exit (range 16) 64 | -11/Scrapyard | Entered Materials 303 | -10/Materials | Build established: Mutant 441 | -10/Materials | Discovered new exit (range 15) 648 | -10/Materials | Discovered new exit (range 9) 677 | -10/Materials | Entered another Materials area 677 | -9/Materials | Evolved 2 slots: Propulsion x1, Utility x1 940 | -9/Materials | Discovered new exit (range 16) 1082 | -9/Materials | Identified exit to Mines 2010 | -9/Materials | Repaired Arm. Wheel 2049 | -9/Materials | Repaired Hpw. Shotgun 2077 | -9/Materials | Repaired Hcp. Storage Unit 2159 | -9/Materials | Repaired Lgt. Deuterium Engine 2192 | -9/Materials | Repaired Arm. Wheel 2201 | -9/Materials | Discovered new exit (range 6) 2205 | -9/Materials | Identified exit to Materials 2206 | -9/Materials | Entered another Materials area 2206 | -8/Materials | Evolved 2 slots: Utility x2 2567 | -8/Materials | Discovered new exit (range 4) 2640 | -8/Materials | Identified exit to Storage 2641 | -8/Materials | Entered Storage 2799 | -8/Storage | Met a pair of Derelict thieves 3326 | -8/Storage | Assisted by bots powering up and referring to "LRC-V3" 3564 | -8/Storage | Lost 5 allies 3796 | -8/Storage | Discovered new exit (range 12) 3935 | -8/Storage | Central database locked down 3969 | -8/Storage | Repaired Arm. Wheel 4372 | -8/Storage | Repaired Hpw. Shotgun 4815 | -8/Storage | Identified exit to Factory 4816 | -8/Storage | Entered Factory 4816 | -7/Factory | Evolved 2 slots: Propulsion x1, Utility x1 4825 | -7/Factory | Discovered new exit (range 8) 4833 | -7/Factory | Identified exit to Factory 5332 | -7/Factory | Repaired Hrd. Medium Armor Plating 5427 | -7/Factory | Lost 3 parts (1n1u1w) 5465 | -7/Factory | Repaired Arm. Wheel 5498 | -7/Factory | Repaired Arm. Wheel 5560 | -7/Factory | Repaired Enh. Autogun 5599 | -7/Factory | Repaired Imp. Datajack 5638 | -7/Factory | Repaired Flak Cannon 5938 | -7/Factory | Entered another Factory area 5938 | -6/Factory | Evolved 2 slots: Utility x2 6526 | -6/Factory | Discovered new exit (range 13) 6538 | -6/Factory | Identified exit to Factory 6539 | -6/Factory | Entered another Factory area 6539 | -5/Factory | Evolved 2 slots: Utility x2 6561 | -5/Factory | Build established: Hacker-Mutant 6586 | -5/Factory | Repaired Arm. Wheel 6656 | -5/Factory | Repaired Hrd. Medium Armor Plating 6673 | -5/Factory | Identified exit to DSF 7537 | -5/Factory | Identified exit to Upper Caves 7575 | -5/Factory | Garrison activated, responded to threat 7645 | -5/Factory | Lost 8 parts (3n4u1w) 8939 | -5/Factory | First assault squad dispatched 9434 | -5/Factory | System corruption reached 10% 9436 | -5/Factory | Core integrity fell below 50% 9466 | -5/Factory | Lost 5 parts (1n4u) 10337 | -5/Factory | Build established: Scavenger-Mutant 10548 | -5/Factory | Repaired Shock Maul 10697 | -5/Factory | Build established: Hacker-Mutant 10808 | -5/Factory | Lost 3 parts (1n2u) 10870 | -5/Factory | Discovered new exit (range 7) 10877 | -5/Factory | Identified exit to Factory 10879 | -5/Factory | Entered another Factory area 10879 | -4/Factory | Evolved 2 slots: Power x1, Utility x1 11379 | -4/Factory | First assault squad dispatched 11541 | -4/Factory | Lost 3 allies 11567 | -4/Factory | System corruption reached 10% 11604 | -4/Factory | Core integrity fell below 50% 11617 | -4/Factory | Core integrity fell below 20% 11635 | -4/Factory | Lost 21 parts (4p4n7u6w) 11651 | -4/Factory | Destroyed by exploding Power Conduit Last Messages --------------- 11634_ Adv. Signal Interpreter tumbles out of TF Node. 11634_ Acquired Lance. 11637_ K-01 Serf collects debris. 11637_ Hacking Suite destroyed. 11637_ Acquired Adv. Signal Interpreter. 11638_ K-01 Serf cleans the Nuclear Reactor. 11639_ Acquired Adv. Sensor Array. 11640_ Hacking Suite destroyed. 11640_ K-01 Serf collects debris. 11643_ Hacking Suite destroyed. 11651_ Power Conduit explodes. 11651_ Adv. Sensor Array destroyed. 11651_ P-70 Sage destroyed. 11651_ Power Conduit explodes. 11651_ Repair Station disabled. 11651_ Backup Laser III tumbles out of repair station. 11651_ Backup Power III tumbles out of repair station. Map ----- +----------------------------------------------------+ | ?????????????????????????????????????????????????? | | ?????????????????????????????????????????????????? | | ?????????????????????????????????????????????????? | | ?????????????????????????????????????????????????? | | ?????????????????????????????????????????????????? | | ?????????????????????????????????????????????????? | | ?????????????????????????????????????????????????? | | ?????????????????????????????????????????????????? | | ?????????????????????????????????????????????????? | | ?????????????????????????????????????????????????? | | ?????????????????????????????????????????????????? | | ?????????????????????????????????????????????????? | | ?????????????????????????????????????????????????? | | ?????????????????????????????????????????????????? | | ?????????????????????????????????????????????????? | | ?????????????????????????????????????????????????? | | ??????????????####################?#?#???????????? | | ??????????????# uk kkA # #? t#???????????? | | ?????????H????? """ = " "" #k ### #???????????? | | ????????????????""" "R"" + k #???????????? | | ?????????????????"" = " ; ### #???????????? | | ???????????????? [* ; #?# #?????####### | | ?????????????????####;;;;;;;;;+##### #?????# | | ????????????????????# ; g # #?????# """ | | ????????????????????# ;[%= # ####### "R | | ????????????????????# ; !@ # + """ | | ????????????????????# ; # # """ | | ????????????????????# ; # # | | ????????????????????# ; + + """ | | ????????????????????### # # """ | | ??????????????????????# """"""""" # # """ | | ??????????????????????# # # | | ??????????????????????# """"""""" # # | | ??????????????????????# # # | | ??????????????????????# # ####### | | ??????????????????????############## #?????? | | ??????????????????R????k?????????? #?????? | | ?????????????????????????????????### +?????? | | ???????????????????????????????????# #?????? | | ???????????????????????????????????# #?????? | | ???????????????????????????????????# #?????? | | ???????????????????????????????????# #?????? | | ???????????????????????????????????# #?????? | | ???????????????????????????????????# #?????? | | ???????????????????????????????????# #?????? | | ???????????????????????????????????# #?????? | | ???????????????????????????????????# #?????? | | ???????????????????????????????????# ??????? | | ???????????????????????????????????# ??????? | | ?????????????????????????????????????? ??????? | +----------------------------------------------------+ Best States ------------- Heat Dissipation 74 Energy Generation 37 Energy Capacity 800 Matter Stores 453 Matter Capacity 500 Sight Range 23 Robot Scan Range 16 Terrain Scan Range 16 Terrain Scan Density 10 Jamming Range 12 Armor Coverage 450 Resistance: KI 25 Resistance: TH 25 Propulsion Shielding 66 Weapon Shielding 66 Weapon Cycling 20 Evasion (%) 50 Target Analysis 9 Recoil Reduction 3 Kinecelleration 40 Offensive Hacking 30 Item Schematics ----------------- Hacking Suite | -9/Materials | Scanalyzed Lrg. Storage Unit | -9/Materials | Scanalyzed Arm. Wheel | -9/Materials | Scanalyzed Hcp. Storage Unit | -4/Factory | Scanalyzed Robot Schematics ------------------ None Fabricated ------------ Nothing Repaired ---------- Arm. Wheel | 68% | -9/Materials Hpw. Shotgun | 57% | -9/Materials Hcp. Storage Unit | 89% | -9/Materials Lgt. Deuterium Engine | 80% | -9/Materials Arm. Wheel | 86% | -9/Materials Arm. Wheel | 22% | -8/Storage Hpw. Shotgun | 6% | -8/Storage Hrd. Medium Armor Plating | 9% | -7/Factory Arm. Wheel | 18% | -7/Factory Arm. Wheel | 51% | -7/Factory Enh. Autogun | 66% | -7/Factory Imp. Datajack | 55% | -7/Factory Flak Cannon | 80% | -7/Factory Arm. Wheel | 37% | -5/Factory Hrd. Medium Armor Plating | 28% | -5/Factory Shock Maul | 36% | -5/Factory Alien Tech Used ----------------- None Achievements -------------- None Challenges ------------ None Game ------ Seed PotentialStrikeBattery Manual? 0 Play Time 01:56:25 Cumulative 542.4 hours Start 2025.08.04 @ 20:32:04 End 2025.08.05 @ 21:02:28 Sessions 3 Manual Loads 0 Difficulty Rogue Special Mode None Game No. 204 Rogue 97 Adventurer 8 Explorer 99 Win Type - Total 17 Types 8/1/6/2/0/0/0/0/0/0 Lore% 53 Gallery% 65 Achievement% 79 Wizard Run 0 Options --------- Layout 1 ASCII 0 Keyboard 0 Movement Mouse Keybinds 0 Fullscreen 1 Font 24/Smallcaps Map View 50x35 Zoom Use 0% Tactical HUD 1 Map Filters NONE Filters NONE Steam 1 RUN: 4d97e520-2b34-40f8-b092-b29d5b5f4a5b